 Dungeon Crawl Stone Soup version 0.30-a0-743-gbfdf073431 (webtiles) character file.

Game seed: 7139881725625122311

66 kingofthe the Trooper (level 4, -2/37 HPs)
             Began as a Merfolk Fighter on Feb 5, 2023.
             Slain by Sigmund
             ... wielding a +0 scythe
              (9 damage)
             ... on level 2 of the Dungeon.
             The game lasted 00:03:51 (1229 turns).

kingofthe the Trooper (Merfolk Fighter)             Turns: 1229, Time: 00:03:52

Health: -2/37      AC:  4    Str: 16    XL:     4   Next: 15%
Magic:  4/4        EV: 12    Int:  7    God:
Gold:   56         SH:  5    Dex: 15    Spells: 3/3 levels left

rFire   . . .      SeeInvis .    b - +0 short sword (flame)
rCold   . . .      Faith    .    v - +0 buckler
rNeg    . . .      Spirit   .    i - +0 leather armour
rPois   +          Reflect  .    (no helmet)
rElec   .          Harm     .    (no cloak)
rCorr   .          Rampage  .    j - +0 pair of gloves
Will    .....                    (no boots)
Stlth   +                        (no amulet)
HPRegen 0.26/turn                (no ring)
MPRegen 0.09/turn                (no ring)

@: no status effects
A: (nimble swimmer 2), mertail, poison resistance, MP-powered wands
a: no special abilities


You were on level 2 of the Dungeon.
You visited 1 branch of the dungeon, and saw 2 of its levels.

You collected 56 gold pieces.

Inventory:

Hand Weapons
 a - a +0 trident
 b - a +0 short sword of flaming (weapon)
 n - a +0 vampiric dagger
Armour
 c - a +0 scale mail
 i - a +0 leather armour (worn)
 j - a +0 pair of gloves (worn)
 v - a +0 buckler (worn)
Scrolls
 f - a scroll of vulnerability {unknown}
 g - a scroll of noise {unknown}
 h - a scroll of fog {unknown}
 m - a scroll of teleportation {unknown}
 p - a scroll of identify {unknown}


   Skills:
 + Level 4.0 Fighting
 - Level 3.0 Polearms
 + Level 2.7 Armour
 + Level 2.4 Dodging
 - Level 3.0 Shields


You had 3 spell levels left.
You didn't know any spells.
Your spell library was empty.

Dungeon Overview and Level Annotations

Branches:
Dungeon (2/15)

Altars:

Annotations:
D:2 Sigmund


Innate Abilities, Weirdness & Mutations

((You are very nimble when in or above water. (Stealth+, EV+, Speed+++)))
Your lower body shifts to a powerful aquatic tail in water.
Your system is resistant to poisons. (rPois)
You expend magic power (3 MP) to strengthen your wands.


Message History

It was a potion of cancellation.
Your magical effects are unravelling.
You feel magically purged.
You feel a little less mighty now.
The ball python bites you but does no damage.
The ball python constricts you. You block Sigmund's attack.
The kobold hits you with a +0 whip. The ball python bites you.
The ball python constricts you.
You feel less attractive to monsters.
You hit Sigmund. You burn Sigmund.
Sigmund is moderately wounded.
The kobold hits you with a +0 whip.
The ball python bites you but does no damage.
The ball python constricts you. Sigmund barely misses you.
You hit Sigmund. You burn Sigmund.
Sigmund is moderately wounded.
The kobold hits you with a +0 whip. The ball python barely misses you.
The ball python constricts you.
You closely miss Sigmund.
Sigmund is moderately wounded.
Sigmund hits you with a +0 scythe.
* * * LOW HITPOINT WARNING * * *
The ball python bites you.
* * * LOW HITPOINT WARNING * * *
The ball python constricts you. The kobold closely misses you.
You closely miss Sigmund.
Sigmund is moderately wounded.
The ball python misses you. The ball python constricts you.
The kobold hits you but does no damage. Sigmund hits you but does no damage.
The ball python bites you.
* * * LOW HITPOINT WARNING * * *
The ball python constricts you.
You barely miss the ball python. The kobold completely misses you.
The ball python misses you. The ball python constricts you.
You block the kobold's attack. Sigmund barely misses you.
You closely miss the ball python. The ball python barely misses you.
The ball python constricts you. The kobold closely misses you.
You hit the ball python. You burn the ball python.
You kill the ball python!
Sigmund hits you with a +0 scythe!
You die...

# #. #################
#.. #...............# #
#... #...............# #
..... #...............#
#
#.....##...............#
#
#.....................#
#
#######.@)............#
#.K@............#
#..............)####
#...................
#........).....†....
#...........##......
################....
#.... #.... #....


You could see Sigmund and a kobold.

Vanquished Creatures
  4 gnolls (D:2)
  A worm (D:2)
  2 endoplasms
  2 giant cockroaches
  2 goblins (D:2)
  4 hobgoblins (D:1)
  A kobold (D:2)
  2 quokkas (D:1)
  2 ball pythons (D:2)
  A bat (D:2)
  A frilled lizard (D:1)
  4 rats
26 creatures vanquished.

Notes
Turn   | Place    | Note
-------+----------+-------------------------------------------
     0 | D:1      | kingofthe the Merfolk Fighter began the quest for the Orb.
     0 | D:1      | Reached XP level 1. HP: 18/18 MP: 1/1
   129 | D:1      | Found a faded altar of an unknown god.
   149 | D:1      | Reached skill level 1 in Dodging
   149 | D:1      | Reached XP level 2. HP: 24/24 MP: 2/2
   822 | D:2      | Reached XP level 3. HP: 22/30 MP: 3/3
   916 | D:2      | Reached skill level 4 in Fighting
  1067 | D:2      | Reached XP level 4. HP: 19/37 MP: 4/4
  1203 | D:2      | Noticed Sigmund
  1219 | D:2      | Gained mutation: Your system is resistant to poisons.
                  | (rPois) [potion of mutation]
  1219 | D:2      | Gained mutation: You expend magic power (3 MP) to
                  | strengthen your wands. [potion of mutation]
  1229 | D:2      | Slain by Sigmund

Illustrated notes

Levels and vault maps discovered:
D:1:      nicolae_arrival_washed_ashore, layout_loops_ring,
          basic_ecumenical_altar
D:2:      layout_basic, uniq_sigmund, uniq_jessica

Skill      XL: |  1  2  3 |
---------------+----------+-----
Polearms       | 3 |  3.0
Dodging        | 1 2 |  2.4
Fighting       | 4 |  4.0
Armour         | |  2.7
Shields        | |  3.0

Action                     |  1- 3 |  4- 6 || total
---------------------------+-------+-------++-------
  Melee: Trident           |    40 |       ||    40
         Short sword       |    46 |    34 ||    80
    Use: Potion            |       |     5 ||     5
 Armour: Scale mail        |    13 |       ||    13
         Leather armour    |     6 |     6 ||    12
  Dodge: Dodged            |    37 |    22 ||    59
  Block: Buckler           |    20 |     9 ||    29

Table legend: (Time is in decaauts)
 A = Elapsed time spent in this place.
 B = Non-inter-level travel time spent in this place.
 C = Inter-level travel time spent in this place.
 D = Time resting spent in this place.
 E = Time spent auto-exploring this place.
 F = Levels seen in this place.
 G = Mean time per level.
                   A        B        C        D        E       F      G
               +--------+--------+--------+--------+--------+-----+--------+
         Total |   1240 |   1212 |     28 |    206 |    738 |   2 |  620.0 |
       Dungeon |   1240 |   1212 |     28 |    206 |    738 |   2 |  620.0 |
               +--------+--------+--------+--------+--------+-----+--------+

Top non-repeatable levels by time:
     D:1: 855 daAuts
     D:2: 384 daAuts
